Map: Кислотный завод РВ

Players

Doctrix - Winner!

  • Race: Protoss Protoss
  • League: Diamond
  • Spawn Location: 5:00

ZjonPater

  • Race: Terran Terran
  • League: Master
  • Spawn Location: 11:00

VOD

Have the link to the VOD?

Description

Time

  • Played on: March 18, 2018, 4:09 p.m.
  • Length: 14:59
Show
View Real Time Build Order
Export as new Build Order

Doctrix Protoss - Winner!

Build Orders: 1 Gate Expand, Oracle Opening 

Get SALT Encoding   

  12  0:00  Probe  
  13  0:13  Probe  
  14  0:17  Pylon  
  14  0:25  Probe (Chrono Boost)  
  15  0:38  Probe (Chrono Boost)  
  15  0:39  Gateway  
  16  0:44  Probe (Chrono Boost)  
  16  0:48  Assimilator  
  17  0:53  Probe  
  18  1:06  Probe (Chrono Boost)  
  20  1:23  Nexus  
  19  1:31  Cybernetics Core  
  19  1:34  Probe  
  20  1:40  Assimilator  
  20  1:46  Pylon  
  20  1:49  Probe  
  21  2:01  Probe  
  22  2:05  Stalker (Chrono Boost)  
  24  2:13  Probe  
  24  2:25  Probe  
  25  2:32  Stargate  
  25  2:37  Probe  
  25  2:38  Probe  
  25  2:40  Warp Gate  
  27  2:45  Adept (Chrono Boost)  
  27  2:49  Probe  
  27  2:50  Probe  
  31  3:01  Probe (Chrono Boost)  
  31  3:03  Probe (Chrono Boost)  
  33  3:08  Pylon  
  33  3:13  Probe (Chrono Boost)  
  33  3:15  Adept  
  33  3:19  Oracle (Chrono Boost)  
  40  3:20  Probe (Chrono Boost)  
  40  3:21  Probe (Chrono Boost)  
  41  3:35  Probe  
  41  3:36  Probe  
  41  3:37  Shield Battery  
  43  3:47  Probe  
  43  3:48  Gateway, Probe  
  45  3:51  Gateway  
  45  3:55  Assimilator  
  45  3:58  Oracle (Chrono Boost)  
  45  3:59  Assimilator, Probe  
  49  4:02  Pylon  
  49  4:04  Probe  
  50  4:11  Probe  
  50  4:14  Stalker (Chrono Boost)  
  50  4:16  Probe  
  54  4:23  Probe  
  55  4:28  Probe  
  53  4:40  Phoenix, Probe  
  56  4:52  Probe, Sentry  
  58  4:53  Stalker  
  58  4:59  Pylon  
  61  5:01  Pylon  
  61  5:03  Pylon  
  61  5:07  Robotics Facility  
  61  5:09  Robotics Facility  
  61  5:18  Phoenix (Chrono Boost)  
  61  5:19  Probe  
  63  5:56  Stalker x3  
  65  6:22  Nexus  
  65  6:24  Pylon  
  65  6:27  Pylon  
  65  6:28  Immortal x2  
  65  6:29  Pylon  
  65  6:32  Robotics Bay  
  73  6:37  Forge  
  73  6:40  Forge  
  73  6:42  Zealot x2  
  73  6:43  Twilight Council  
  73  6:44  Sentry  
  79  6:48  Pylon  
  79  6:50  Pylon  
  79  6:55  Pylon  
  79  6:56  Probe  
  79  6:57  Pylon  
  79  6:59  Probe  
  81  7:06  Warp Prism  
  81  7:08  Zealot x3  
  87  7:11  Observer  
  87  7:13  Gateway  
  87  7:14  Protoss Ground Weapons Level 1 (Chrono Boost)  
  87  7:15  Protoss Ground Armor Level 1 (Chrono Boost)  
  90  7:17  Charge (Chrono Boost)  
  90  7:26  Extended Thermal Lance  
  90  7:47  Probe x3  
  93  7:54  Colossus x2 (Chrono Boost)  
  105  7:59  Probe  
  106  8:10  Zealot x2  
  106  8:11  Zealot x2  
  114  8:17  Gateway  
  114  8:18  Gateway  
  114  8:21  Probe  
  114  8:22  Probe x2  
  117  8:33  Probe  
  117  8:34  Probe  
  119  8:47  Colossus x2 (Chrono Boost)  
  129  8:59  Stalker x4, Blink (Chrono Boost)  
  137  9:03  Protoss Ground Weapons Level 2 (Chrono Boost)  
  137  9:16  Protoss Ground Armor Level 2 (Chrono Boost)  
  137  9:20  Probe  
  137  9:21  Probe  
  137  9:24  Assimilator  
  139  9:28  Assimilator  
  139  9:29  Sentry x2  
  143  9:31  Pylon  
  143  9:33  Pylon, Zealot  
  143  9:36  Pylon  
  145  9:52  Zealot  
  130  10:20  Zealot x5  
  130  10:21  Zealot  
  134  10:47  Zealot x5  
  107  11:32  Stalker x6  
  115  11:34  Probe  
  115  11:35  Protoss Ground Weapons Level 3 (Chrono Boost)  
  115  11:36  Protoss Ground Armor Level 3 (Chrono Boost)  
  118  11:44  Immortal x2  
  126  11:47  Nexus  
  126  11:51  Pylon  
  126  11:53  Pylon  
  126  11:55  Pylon  
  126  11:56  Pylon  
  126  12:05  Zealot x3  
  126  12:06  Zealot x3  
  138  12:26  Dark Shrine  
  138  12:30  Photon Cannon  
  138  12:32  Photon Cannon  
  138  12:33  Photon Cannon  
  138  12:34  Gateway x2  
  138  12:36  Photon Cannon  
  138  12:38  Stalker x2  
  138  12:39  Gateway, Photon Cannon  
  138  12:40  Gateway  
  138  12:42  Photon Cannon  
  142  12:45  Photon Cannon x2  
  132  13:08  Stalker x6  
  144  13:13  Probe x2  
  144  13:16  Immortal x2  
  154  13:31  Templar Archives  
  154  13:35  Assimilator  
  154  13:40  Assimilator  
  154  13:55  Dark Templar x2  
  154  13:56  Dark Templar x7  
  168  14:30  Zealot x2  
  168  14:31  Zealot x4  
  174  14:32  Zealot x4  
Show
View Real Time Build Order
Export as new Build Order

ZjonPater Terran 

Build Orders: Cyclone Opening, MMM Bio 

Get SALT Encoding   

  12  0:00  SCV  
  13  0:13  SCV  
  14  0:17  Supply Depot  
  14  0:25  SCV  
  15  0:39  SCV  
  15  0:40  Barracks  
  16  0:51  SCV  
  17  1:03  SCV  
  18  1:05  Refinery  
  18  1:15  SCV  
  19  1:27  SCV  
  20  1:35  Command Center  
  20  1:39  Orbital Command  
  20  1:45  Refinery  
  21  1:56  Marine  
  21  1:59  Supply Depot  
  21  2:08  Factory  
  21  2:15  SCV  
  22  2:18  Marine  
  23  2:27  SCV  
  24  2:36  Marine  
  25  2:39  SCV  
  26  2:51  SCV  
  27  2:53  Marine  
  27  2:58  Cyclone  
  31  3:00  Orbital Command  
  31  3:03  SCV  
  32  3:13  Marine  
  32  3:15  SCV  
  32  3:17  Starport  
  34  3:27  SCV  
  34  3:33  Marine  
  35  3:35  Cyclone  
  35  3:36  SCV  
  35  3:39  SCV  
  40  3:47  Command Center  
  40  3:48  SCV  
  40  3:50  Barracks  
  40  3:52  Marine  
  42  3:55  Supply Depot  
  42  3:59  Medivac  
  44  4:08  SCV  
  45  4:11  Refinery  
  45  4:15  Supply Depot  
  45  4:17  Cyclone  
  45  4:23  Barracks Reactor  
  45  4:39  SCV x2  
  47  4:49  Cyclone  
  47  4:51  SCV x2  
  47  4:52  Barracks Tech Lab  
  52  5:02  Supply Depot  
  52  5:03  Orbital Command, SCV x2, Engineering Bay  
  54  5:08  Medivac  
  56  5:14  Supply Depot  
  56  5:15  SCV x2  
  56  5:20  Marine, Stimpack  
  56  5:21  Marine  
  60  5:27  SCV x2  
  56  5:48  Marine x3  
  50  6:04  SCV x2  
  50  6:05  SCV, Marine  
  50  6:06  Marine, Marauder  
  50  6:08  Cyclone  
  50  6:09  Medivac  
  62  6:12  Barracks  
  62  6:14  Barracks  
  62  6:15  Supply Depot  
  62  6:16  Supply Depot  
  59  6:26  Marine x2  
  59  6:27  SCV  
  59  6:28  Marauder  
  64  6:37  Barracks  
  64  6:38  Missile Turret x2  
  64  6:40  Barracks  
  64  6:42  Factory  
  64  6:43  Cyclone  
  64  6:44  Marine x2  
  64  6:45  SCV  
  70  6:51  SCV x2  
  71  6:58  SCV  
  71  7:01  Marine  
  72  7:03  Terran Infantry Weapons Level 1  
  72  7:06  Refinery  
  73  7:09  Marine  
  73  7:10  Marine x2, Engineering Bay  
  73  7:11  Marine  
  73  7:12  Armory  
  73  7:13  SCV, Medivac  
  80  7:25  Marine  
  80  7:27  Marine  
  82  7:41  Marine x2  
  82  7:42  Marine  
  82  7:43  Marine  
  86  7:46  Medivac  
  86  7:48  Cyclone  
  91  7:51  Marine  
  91  7:54  Marine x2  
  91  7:58  SCV  
  95  7:59  Marine x3  
  95  8:00  Factory Tech Lab  
  95  8:01  Marine  
  95  8:03  Terran Infantry Armor Level 1  
  95  8:04  Orbital Command  
  99  8:09  Marine  
  99  8:12  Marine  
  101  8:17  Command Center  
  101  8:18  Marine x4, Supply Depot  
  101  8:19  Marine, Supply Depot x2  
  106  8:20  Medivac  
  106  8:21  Missile Turret  
  106  8:22  Supply Depot  
  106  8:23  Factory Tech Lab  
  106  8:24  SCV  
  109  8:35  Marine  
  109  8:38  Marine  
  109  8:39  Siege Tank  
  110  8:42  SCV x3  
  111  8:54  SCV x3  
  114  8:59  Combat Shields  
  114  9:00  Marine  
  114  9:01  Marine x6  
  121  9:08  Missile Turret  
  121  9:09  SCV x2, Missile Turret  
  123  9:17  Siege Tank  
  123  9:18  Marine  
  123  9:22  Marine x4  
  131  9:24  Marine x2  
  131  9:28  Terran Infantry Weapons Level 2  
  133  9:34  Medivac  
  133  9:36  Marine  
  136  9:40  Marine x2  
  136  9:44  Marine x3  
  136  9:45  Marauder  
  143  9:54  Marine  
  143  9:57  Marine  
  143  9:58  Marine  
  139  10:01  Marine  
  139  10:02  Marine x2  
  139  10:06  Marauder  
  137  10:12  Marine  
  113  10:17  Marine x2  
  113  10:19  Thor, Marine x2  
  113  10:20  Thor  
  129  10:22  Viking  
  128  10:32  Marine x3  
  124  10:46  Planetary Fortress  
  124  10:47  Marine x4  
  128  10:50  Marine x3  
  128  10:52  Viking  
  128  10:54  Command Center  
  126  11:05  Marine x3  
  99  11:14  Marine x2  
  99  11:15  Marine x2  
  84  11:22  Viking  
  84  11:23  Marine x3  
  77  11:32  Marine x3  
  68  11:33  Marine  
  71  11:40  Marine  
  71  11:41  Marine x2, Siege Tank  
  71  11:43  Siege Tank  
  80  11:50  Marine x2  
  80  11:52  Viking  
  80  11:53  Marine  
  80  11:54  Marine  
  86  11:58  Marine  
  75  12:16  Marine x6  
  75  12:21  Marine  
  82  12:33  Marine  
  82  12:34  Marine  
  82  12:36  Viking  
  86  12:46  Planetary Fortress  
  86  12:48  Marine  
  77  13:05  Marine x4  
  74  13:06  Marine  
  74  13:07  Marine x2  
  81  13:12  SCV  
  81  13:13  SCV x2  
  81  13:15  Viking  
  81  13:17  Siege Tank  
  88  13:24  SCV  
  88  13:25  SCV x3, Marine x3  
  95  13:31  Marine x2  
  97  13:35  Concussive Shells  
  97  13:36  Marine  
  97  13:37  Marine  
  99  13:43  Marine x3  
  99  13:45  Viking  
  99  13:47  Refinery  
  99  13:48  Refinery  
  104  13:49  Marine x2  
  104  13:54  Marine  
  107  14:04  Marine x3  
  107  14:05  Marine  
  107  14:06  Siege Tank  
  107  14:15  Marine x2  
  109  14:17  Viking  
  109  14:18  Marine  
  109  14:24  Starport  
  112  14:25  Starport  
Tags
 
Add a new tag
Caveats
  • Supply blocks, unpowered buildings, or Contaminate may cause inaccurate times.
  • Supply counts are checked every 10 seconds.